 Dungeon Crawl Stone Soup version 0.29.1-4-g47bece8355 (webtiles) character file.

Game seed: 5281331973244186642

2446 ChadusMaximus the Summoner (level 9, -6/45 HPs)
             Began as a Deep Elf Summoner on Dec 5, 2022.
             Was an Initiate of Yredelemnul.
             Mangled by an orc knight
             ... wielding a +0 battleaxe
              (17 damage)
             ... on level 8 of the Dungeon.
             The game lasted 00:17:09 (8319 turns).

ChadusMaximus the Summoner (Deep Elf Summoner)      Turns: 8319, Time: 00:17:09

Health: -6/45      AC:  4    Str: 11    XL:     9   Next: 25%
Magic:  12/24      EV: 16    Int: 25    God:    Yredelemnul [......]
Gold:   367        SH:  5    Dex: 15    Spells: 14/27 levels left

rFire   . . .      SeeInvis .   L - +9 mace "Imp's Undoing" {drain, Fly rPois rC+}
rCold   + . .      Faith    .   (no shield)
rNeg    . . .      Spirit   .   q - +0 leather armour
rPois   +          Reflect  +   (no helmet)
rElec   .          Harm     .   (no cloak)
rCorr   .          Rampage  .   v - +0 pair of gloves
Will    .....                   (no boots)
Stlth   ++........              p - amulet of reflection
HPRegen 0.15/turn               n - +4 ring of evasion
MPRegen 0.19/turn               C - +6 ring of strength

@: flying
A: no striking features
a: Renounce Religion, Recall Undead Harvest


You were on level 8 of the Dungeon.
You worshipped Yredelemnul.
Yredelemnul was noncommittal.
You visited 2 branches of the dungeon, and saw 9 of its levels.

You collected 367 gold pieces.

Inventory:

Hand Weapons
 f - a +0 short sword
 G - a +0 whip
 H - a +0 spear
 I - a +0 halberd
 L - the +9 mace "Imp's Undoing" (weapon) {drain, Fly rPois rC+}
   (You found it on level 5 of the Dungeon)

   A truly terrible weapon, it drains the life of any living foe it strikes.
   rC:        It protects you from cold.
   rPois:     It protects you from poison.
   Fly:       It grants you flight.
 M - a +0 sling
 P - the +5 hand axe of Saluss {freeze, Str+2}
   (You found it on level 6 of the Dungeon)

   It freezes those it strikes, dealing additional cold damage.
   It can also slow down cold-blooded creatures.
   Str:       It affects your strength (+2).
 R - a +0 shortbow
Missiles
 i - 69 stones
 X - a throwing net
Armour
 a - a +0 robe
 q - a +0 leather armour (worn)
 v - a +0 pair of gloves (worn)
Magical Staves
 W - a staff of conjuration
Jewellery
 n - a +4 ring of evasion (left hand)
 p - an amulet of reflection (around neck)
 C - a +6 ring of strength (right hand)
 V - an amulet of the acrobat
Wands
 w - a wand of charming (11)
 x - a wand of flame (21)
 E - a wand of polymorph (10)
 N - a wand of iceblast (12)
 O - a wand of acid (17)
Scrolls
 d - a scroll of teleportation {unknown}
 e - 3 scrolls of amnesia {unknown}
 h - 2 scrolls of noise {unknown}
 k - 4 scrolls of identify {unknown}
 m - 2 scrolls of magic mapping {unknown}
 o - 2 scrolls of poison {unknown}
 r - 2 scrolls of fog {unknown}
 t - a scroll of enchant armour {unknown}
 y - 2 scrolls of immolation {unknown}
 A - a scroll of acquirement {unknown}
 D - a scroll of enchant weapon {unknown}
 K - 3 scrolls of blinking {unknown}
 Q - a scroll of torment {unknown}
 S - a scroll of vulnerability {unknown}
 T - a scroll of brand weapon {unknown}
Potions
 b - a potion of magic
 c - 7 potions of curing
 g - 3 potions of might
 j - 2 potions of berserk rage
 l - a potion of ambrosia {unknown}
 s - a potion of mutation {unknown}
 u - a potion of cancellation {unknown}
 z - a potion of heal wounds {unknown}
 B - a potion of experience {unknown}
 F - 3 potions of attraction {unknown}
 J - a potion of brilliance {unknown}
 U - a potion of flight {unknown}


   Skills:
 - Level 2.5 Dodging
 - Level 2.5 Stealth
 + Level 9.8 Spellcasting
 * Level 11.9 Summonings


You had 14 spell levels left.
You knew the following spells:

 Your Spells              Type           Power      Damage    Failure   Level
a - Summon Small Mammal   Summ           100%       N/A       1%          1
b - Call Canine Familiar  Summ           64%        N/A       1%          3
c - Call Imp              Summ           64%        N/A       1%          2
d - Summon Guardian Gole  Hex/Summ       42%        N/A       1%          3
e - Summon Lightning Spi  Summ/Air       42%        N/A       5%          4

Your spell library contained the following spells:

 Spells                   Type           Power      Damage    Failure   Level
 Olgreb's Toxic Radiance  Pois           12%        N/A       54%         4
 Ozocubu's Refrigeration  Ice            6%         4d8       100%        7
 Ignition                 Fire           6%         3d4       100%        8


Dungeon Overview and Level Annotations

Branches:
Dungeon (8/15)             Temple (1/1) D:7
   Lair: D:8-11

Altars:
Cheibriados
Dithmenos
Elyvilon
Fedhas
Makhleb
Okawaru
Uskayaw
Vehumet
Wu Jian
Yredelemnul

Shops:
D:7 (

Annotations:
D:3 3 runed translucent doors, laros's ghost, amateur MiBe


Message History

The steam dragon is engulfed in blazing flames.
The steam dragon breathes steam at you.
The ball of steam hits the fire elemental.
The fire elemental resists.
The ball of steam hits your warg! The ball of steam misses you.
You swap places.
Your quokka is engulfed in a cloud of scalding steam.
Your quokka is engulfed in a cloud of scalding steam.
Your quokka dies!
Your quokka's corpse disappears in a puff of smoke!
An orc knight comes into view. It is wielding a +0 battleaxe.
The orc knight attacks as you move away!
The orc knight closely misses you.
Casting: Summon Small Mammal (safe; 1% risk of failure)
Confirm with . or Enter, or press ? or * to list all spells.
The orc knight hits you with a +0 battleaxe!
Your warg bites the orc knight but does no damage.
Casting: Call Canine Familiar (safe; 1% risk of failure)
Confirm with . or Enter, or press ? or * to list all spells.
Your warg bites the orc knight but does no damage.
The orc knight closely misses you.
The orc knight hits your warg with a +0 battleaxe!
The orc knight hits your quokka with a +0 battleaxe!
Your quokka dies!
Your quokka's corpse disappears in a puff of smoke!
Casting: Summon Small Mammal (safe; 1% risk of failure)
Confirm with . or Enter, or press ? or * to list all spells.
Your warg bites the orc knight!
The orc knight hits you with a +0 battleaxe!
* * * LOW HITPOINT WARNING * * *
The orc knight hits your warg with a +0 battleaxe!!
Your warg bites the orc knight but does no damage.
Unknown command.
Your warg bites the orc knight.
Casting: Summon Small Mammal (safe; 1% risk of failure)
Confirm with . or Enter, or press ? or * to list all spells.
Your warg bites the orc knight but does no damage.
The orc knight hits you with a +0 battleaxe!
You die...
Your body rises from the dead as a mindless zombie.

#.# #....>.........#. #.#
#.....#....###... #.#
#.....###...#..#. #.#
#.....Z........# #Z#
....#........# ## ..
#.########.#.##.....#
.....
#.##<..))).)........# #.#
#.#############r..#.#
#.#.# #.# #<..r.@o.....#
#.# #.#
##Z#############h..#.##.#
#.#
#..ZZ................#.#
#.
###################....#
#. #..#.## ##. ##.##.##
##.# #.###.###.## #.#
##.#.## #.#####.####


You could see an orc knight (ally target), a friendly warg (summoned) and 2
friendly quokkas.

Vanquished Creatures
  A sky beast (D:7)
  A black bear (D:5)
  A centaur (D:8)
  A necrophage (D:5)
  3 scorpions
  A jelly (D:4)
  A hound (D:5)
  Ijyb (D:3)
  Robin (D:3)
  An adder (D:3)
  A dart slug (D:2)
  2 endoplasms
  A goblin (D:3)
  3 hobgoblins
  A jackal (D:1)
  4 kobolds
  3 quokkas
  6 ball pythons
  A bat (D:3)
  4 rats
38 creatures vanquished.

Vanquished Creatures (collateral kills)
  An orc sorcerer (D:8)
  A shadow (D:8)
  A wyvern (D:7)
  Edmund (D:5)
  An ice beast (D:6)
  A black bear (D:8)
  2 centaurs
  A phantom (D:6)
  A gnoll sergeant (D:8)
  A bullfrog (D:8)
  A necrophage (D:8)
  A hound (D:5)
  A gnoll bouda (D:5)
  Jessica (D:3)
  An iguana (D:5)
  2 adders
  13 gnolls
  2 shadow imps
  A white imp (D:5)
  3 ufetubi
  2 worms
  4 dart slugs
  18 orcs
  A ball python (D:2)
  4 endoplasms
  2 giant cockroaches
  16 goblins
  3 hobgoblins
  2 jackals (D:1)
  3 kobolds
  5 quokkas
  2 bats (D:3)
  A frilled lizard (D:1)
  2 rats
102 creatures vanquished.

Vanquished Creatures (others)
  A steam dragon (D:8)
  3 gnoll zombies (D:8)
  2 orc zombies (D:8)
6 creatures vanquished.

Grand Total: 146 creatures vanquished

Notes
Turn   | Place    | Note
-------+----------+-------------------------------------------
     0 | D:1      | ChadusMaximus the Deep Elf Summoner began the quest for the
                  | Orb.
     0 | D:1      | Reached XP level 1. HP: 10/10 MP: 6/6
    58 | D:1      | Reached XP level 2. HP: 8/15 MP: 6/8
   724 | D:1      | Reached skill level 5 in Summonings
   862 | D:1      | Reached XP level 3. HP: 19/19 MP: 8/10
   866 | D:1      | Learned a level 3 spell: Call Canine Familiar
  2418 | D:2      | Found a blossoming altar of Fedhas.
  2528 | D:3      | Noticed Robin
  2552 | D:3      | Reached XP level 4. HP: 10/24 MP: 2/12
  2737 | D:3      | Killed Robin
  2877 | D:3      | Noticed Ijyb
  2888 | D:3      | Killed Ijyb
  2889 | D:3      | Reached skill level 6 in Summonings
  2906 | D:3      | Reached XP level 5. HP: 12/28 MP: 11/14
  3101 | D:3      | Found a runed translucent gate.
  3101 | D:3      | Found a runed translucent gate.
  3101 | D:3      | Noticed laros's ghost (amateur MiBe)
  3102 | D:3      | Found a runed translucent gate.
  3129 | D:3      | Noticed Jessica
  3179 | D:3      | Killed Jessica
  3605 | D:3      | Found a faded altar of an unknown god.
  3739 | D:4      | Reached skill level 5 in Spellcasting
  3821 | D:4      | Reached skill level 7 in Summonings
  3821 | D:4      | Reached XP level 6. HP: 5/32 MP: 16/16
  3824 | D:3      | HP: 2/48 [poisoned by a scorpion]
  4521 | D:4      | Learned a level 2 spell: Call Imp
  4525 | D:4      | Learned a level 3 spell: Summon Guardian Golem
  4530 | D:4      | Learned a level 4 spell: Summon Lightning Spire
  4602 | D:5      | Entered Level 5 of the Dungeon
  4602 | D:5      | Noticed Edmund
  4782 | D:5      | Killed Edmund
  4860 | D:5      | Reached skill level 8 in Summonings
  4860 | D:5      | Reached XP level 7. HP: 34/36 MP: 14/18
  4916 | D:5      | Identified the +9 mace "Imp's Undoing" {drain, Fly rPois
                  | rC+}
  5472 | D:5      | Reached skill level 9 in Summonings
  5938 | D:6      | Reached XP level 8. HP: 41/41 MP: 14/21
  6215 | D:6      | Identified the +5 hand axe of Saluss {freeze, Str+2}
  6990 | D:7      | Reached skill level 10 in Summonings
  7047 | D:7      | Found Gayg's Antique Weapon Shop.
  7573 | D:7      | Found a staircase to the Ecumenical Temple.
  7768 | Temple   | Entered the Ecumenical Temple
  7774 | Temple   | Became a worshipper of Yredelemnul the Dark
  7837 | D:8      | Reached * piety under Yredelemnul
  7862 | D:8      | Reached skill level 11 in Summonings
  7932 | D:8      | Reached XP level 9. HP: 45/45 MP: 13/24
  8270 | D:8      | Noticed an orc sorcerer
  8270 | D:8      | Noticed an orc sorcerer
  8272 | D:8      | Noticed a red devil
  8279 | D:8      | Killed an orc sorcerer
  8282 | D:8      | Noticed a deep elf pyromancer
  8308 | D:8      | Noticed an orc knight
  8319 | D:8      | Mangled by an orc knight

Illustrated notes

Levels and vault maps discovered:
D:1:      elethiomel_arrival_infinity_welcomes_careful_drivers, layout_basic
D:2:      layout_rooms, basic_altar
D:3:      layout_rooms, gammafunk_ghost_nasty_kobolds,
          shapermc_ecumenical_altar_mp_vishouse, minmay_quadrilaterals,
          uniq_robin, uniq_jessica, uniq_ijyb
D:4:      layout_rooms
D:5:      layout_rooms, minmay_misc_feat_roman, uniq_edmund
D:6:      layout_cave_pods, kennysheep_generic_room_6
D:7:      layout_cave_pools, minmay_temple_entry_junction, serial_shops,
          nicolae_shop_trees
D:8:      layout_basic, minmay_the_grid_2x2 [minmay_the_grid_large_cup,
          minmay_the_grid_tri_star, minmay_the_grid_dragon_a,
          minmay_the_grid_prize_diamond_cup], uniq_maurice
Temple:   nicolae_temple_bog_church

Skill      XL: |  1  2  3  4  5  6  7  8 |
---------------+-------------------------+-----
Summonings     | 5 6 7 8 9 11 | 11.9
Spellcasting   | 4 5 6 7 9 |  9.8
Dodging        | |  2.5
Stealth        | |  2.5

Action                   |  1- 3 |  4- 6 |  7- 9 || total
-------------------------+-------+-------+-------++-------
Melee: Unarmed           |     8 |       |       ||     8
       Short sword       |    32 |    55 |       ||    87
       Punch             |     1 |     1 |       ||     2
       Halberd           |       |    14 |     2 ||    16
       Mace              |       |       |    22 ||    22
 Cast: Summon Small Mamm |    28 |    35 |    49 ||   112
       Call Canine Famil |    12 |    14 |    29 ||    55
       Call Imp          |       |     1 |     9 ||    10
       Summon Lightning  |       |       |     7 ||     7
  Use: Potion            |       |     3 |       ||     3
 Stab: Sleeping          |     5 |     4 |       ||     9
       Distracted        |       |     1 |       ||     1
Armor: Robe              |     9 |       |       ||     9
       Leather armour    |     3 |    11 |     4 ||    18
Dodge: Dodged            |    43 |    57 |    32 ||   132
Block: Other             |     1 |    22 |    15 ||    38
       Reflection        |       |     1 |     5 ||     6
